Map: King Sejong Station LE

Players

Fropez - Winner!

  • Race: Protoss Protoss
  • League: Gold
  • Spawn Location: 11:00

Mixxerr

  • Race: Terran Terran
  • League: Gold
  • Spawn Location: 5:00

VOD

Have the link to the VOD?

Description

Time

  • Played on: Sept. 22, 2016, 5:53 p.m.
  • Length: 16:30
Show
View Real Time Build Order
Export as new Build Order

Fropez Protoss - Winner!

Build Orders:  

Get SALT Encoding   

  12  0:05  Probe (Chrono Boost)  
  13  0:15  Pylon  
  13  0:18  Probe (Chrono Boost)  
  14  0:25  Assimilator  
  14  0:29  Probe (Chrono Boost)  
  15  0:39  Probe (Chrono Boost)  
  16  0:44  Gateway  
  17  0:50  Probe (Chrono Boost)  
  17  0:58  Pylon  
  17  1:01  Probe (Chrono Boost)  
  18  1:19  Probe (Chrono Boost), Assimilator  
  19  1:31  Cybernetics Core  
  19  1:34  Probe (Chrono Boost)  
  20  1:44  Probe (Chrono Boost)  
  21  1:51  Pylon  
  21  1:55  Probe (Chrono Boost)  
  23  2:09  Twilight Council  
  22  2:24  Nexus  
  22  2:28  Probe (Chrono Boost)  
  22  2:45  Charge  
  22  2:59  Robotics Facility  
  22  3:09  Warp Gate (Chrono Boost)  
  22  3:12  Mothership Core  
  24  3:32  Pylon  
  24  3:34  Pylon  
  24  3:36  Probe  
  24  3:39  Probe  
  26  3:42  Pylon  
  26  3:46  Warp Prism (Chrono Boost)  
  28  3:51  Probe  
  29  3:59  Probe  
  30  4:04  Pylon  
  30  4:12  Probe  
  31  4:32  Gateway  
  31  4:34  Gateway  
  31  4:36  Gateway  
  31  4:38  Probe x2  
  33  4:50  Probe x2  
  35  4:57  Gateway  
  31  5:19  Observer (Chrono Boost)  
  32  5:34  Gateway x2  
  32  5:38  Pylon  
  32  5:41  Adept, Pylon  
  37  6:04  Immortal (Chrono Boost)  
  37  6:07  Stalker  
  39  6:22  Adept  
  41  6:29  Probe  
  40  6:36  Adept x3  
  40  6:38  Immortal (Chrono Boost)  
  44  6:54  Adept  
  42  7:15  Adept  
  42  7:16  Adept x3  
  48  7:53  Probe  
  48  7:55  Immortal (Chrono Boost)  
  48  7:56  Nexus  
  53  8:04  Pylon  
  53  8:06  Pylon  
  53  8:16  Adept  
  53  8:31  Adept  
  53  8:33  Adept x2  
  59  8:43  Probe  
  60  8:50  Gateway  
  60  8:52  Assimilator  
  60  8:55  Probe  
  59  9:07  Probe  
  60  9:10  Pylon  
  60  9:13  Pylon  
  60  9:30  Sentry x4  
  68  9:49  Probe  
  68  9:51  Pylon  
  69  9:58  Assimilator  
  69  10:01  Probe  
  69  10:13  Probe  
  70  10:15  Adept x5  
  80  10:23  Gateway  
  80  10:25  Probe  
  80  10:27  Pylon  
  81  10:33  Immortal (Chrono Boost)  
  85  10:58  Adept x2  
  85  10:59  Adept x2  
  85  11:00  Adept  
  83  12:10  Nexus  
  83  12:12  Pylon  
  83  12:14  Assimilator  
  81  12:19  Assimilator  
  77  12:23  Pylon  
  77  12:29  Adept x5  
  79  12:30  Probe  
  80  12:38  Probe  
  81  12:57  Warp Prism (Chrono Boost)  
  83  13:06  Pylon  
  83  13:49  Gateway  
  83  13:56  Pylon  
  83  13:58  Pylon  
  83  13:59  Pylon  
  83  14:00  Probe  
  83  14:01  Pylon, Probe  
  85  14:03  Gateway  
  85  14:04  Gateway  
  85  14:08  Probe, Gateway  
  85  14:10  Probe  
  87  14:24  Stalker x2  
  89  15:14  Adept  
  89  15:15  Adept x5  
  89  15:20  Adept x3  
  80  16:00  Adept  
  80  16:01  Adept x6  
  80  16:02  Adept x2  
Show
View Real Time Build Order
Export as new Build Order

Mixxerr Terran 

Build Orders: Banshee Rush 

Get SALT Encoding   

  12  0:03  SCV  
  13  0:15  SCV  
  13  0:19  Supply Depot  
  14  0:27  SCV  
  15  0:41  SCV  
  15  0:42  Barracks  
  16  0:50  Refinery  
  16  0:54  SCV  
  17  1:07  SCV  
  18  1:30  Orbital Command, Supply Depot  
  18  1:32  Marine  
  19  1:33  Barracks  
  19  1:51  Marine  
  20  1:56  Factory  
  20  1:59  Refinery  
  20  2:00  SCV  
  21  2:13  SCV  
  22  2:27  SCV, Barracks Tech Lab  
  23  2:36  Marine  
  24  2:43  Factory Tech Lab  
  24  2:45  Starport, Supply Depot  
  24  2:46  SCV  
  25  2:57  Marine, Marauder  
  28  3:07  SCV  
  28  3:12  Stimpack  
  29  3:15  Marine  
  29  3:18  Marauder  
  32  3:30  Cloaking Field  
  32  3:32  Marine  
  33  3:39  Marine  
  34  3:47  Banshee  
  37  3:59  Marauder  
  37  4:00  Barracks  
  39  4:04  Barracks  
  39  4:07  Barracks  
  39  4:10  Supply Depot  
  39  4:11  Marine  
  40  4:20  Marauder  
  42  4:27  SCV  
  42  4:29  Marine  
  44  4:42  Marauder  
  46  4:47  Marine  
  47  5:05  Marine x3  
  47  5:06  Command Center  
  50  5:10  Marine  
  48  5:29  Marine x4  
  48  5:30  Marauder  
  54  5:47  Marine  
  55  5:56  Marine  
  55  5:59  Marauder  
  51  6:08  Marine  
  51  6:10  Barracks Tech Lab  
  52  6:15  Marine  
  52  6:16  Marine  
  52  6:20  Marine  
  50  6:40  Marine x3  
  44  6:56  Marine x2  
  44  6:58  Marine  
  44  7:14  Marauder  
  42  7:16  Marine, Marauder  
  42  7:18  SCV  
  38  7:30  SCV  
  38  7:36  Marauder  
  41  7:37  Marauder  
  41  7:41  Marine x3  
  44  7:52  Orbital Command  
  44  7:57  Marauder  
  46  7:59  Marauder  
  46  8:00  Raven  
  50  8:06  Marine x2  
  50  8:09  SCV  
  52  8:30  Marine x4  
  52  8:31  Marauder  
  58  8:43  SCV x2  
  60  8:54  Engineering Bay  
  60  8:55  SCV x2  
  62  9:07  SCV x2  
  62  9:09  Supply Depot  
  64  9:15  Supply Depot  
  64  9:16  Marine  
  65  9:17  Marine  
  65  9:19  SCV x2  
  69  9:31  SCV x2  
  66  9:43  Marine x2, SCV x2  
  66  9:44  Marine x2, Marauder  
  69  9:55  SCV  
  69  9:59  Missile Turret  
  70  10:02  Marauder, Missile Turret  
  72  10:10  Refinery  
  72  10:13  Marine x2, Refinery  
  72  10:14  Marine  
  75  10:15  Missile Turret  
  75  10:16  Missile Turret  
  75  10:17  SCV  
  76  10:23  Marine x2  
  76  10:27  SCV  
  79  10:29  SCV  
  79  10:32  Factory Reactor  
  80  10:39  SCV  
  81  10:57  Supply Depot  
  81  10:58  Supply Depot  
  81  11:00  SCV x2, Supply Depot  
  81  11:01  Supply Depot  
  81  11:02  Marine x2  
  81  11:03  Supply Depot  
  85  11:12  SCV  
  86  11:19  SCV  
  86  11:25  Marine x5  
  92  11:42  Marine  
  92  11:45  Marine x4  
  65  12:00  Marine  
  57  12:03  Marine  
  48  12:25  Marine x4  
  51  12:30  Orbital Command  
  51  12:32  Marine  
  52  12:42  Marine  
  52  12:43  Marine  
  52  12:44  Marauder  
  56  12:49  Medivac  
  56  12:50  Widow Mine  
  60  12:51  Widow Mine  
  62  13:04  Command Center  
  61  13:09  Marine x2  
  61  13:10  Marine x2  
  65  13:16  SCV  
  65  13:17  SCV  
  65  13:19  Medivac  
  66  13:46  Marine x3  
  66  13:47  Marine x2  
  69  13:50  Widow Mine x2  
  73  13:56  SCV x2  
  75  14:05  Marauder x2  
  79  14:12  Marine x2  
  79  14:13  Marine  
  82  14:23  Command Center  
  82  14:26  Marine, Marauder  
  82  14:30  Marine x2  
  82  14:31  Marine  
  88  14:34  Widow Mine x2  
  92  14:44  Marine  
  93  14:47  Marine  
  93  14:48  Marine x3  
  93  14:49  Barracks  
  96  14:54  Barracks  
  93  15:02  Barracks  
  93  15:04  Barracks  
  93  15:10  SCV x3  
  96  15:18  Supply Depot  
  96  15:22  SCV  
  84  15:44  Marine x5  
  84  15:55  Orbital Command  
  73  16:01  Marine  
  73  16:02  Marine x3  
Tags
 
Add a new tag
Caveats
  • Supply blocks, unpowered buildings, or Contaminate may cause inaccurate times.
  • Supply counts are checked every 10 seconds.